 Dungeon Sprint DCSS version 0.29-a0-1009-g60c99734e7 (webtiles) character file.

Game seed: 16000967500626242305

858 Hubris850 the Bludgeoner (level 8, -8/78 HPs)
             Began as an Ogre Berserker on Aug 8, 2022.
             Was a High Priest of Trog.
             Mangled by a hornet (13 damage)
             ... in the Dungeon (Sprint IX: "|||||||||||||||||||||||||||||").
             The game lasted 00:01:09 (283 turns).

Hubris850 the Bludgeoner (Ogre Berserker)            Turns: 283, Time: 00:01:10

Health: -8/78      AC:  3    Str: 24    XL:     8   Next: 2%
Magic:  8/8        EV: 14    Int:  8    God:    Trog [*****.]
Gold:   0          SH:  0    Dex:  8    Spells: 7/7 levels left

rFire   . . .      SeeInvis .   k - +2 dire flail (protect)
rCold   . . .      Faith    .   (shield currently unavailable)
rNeg    . . .      Spirit   .   b - +0 animal skin
rPois   .          Reflect  .   (helmet restricted)
rElec   .          Harm     .   (no cloak)
rCorr   .          Rampage  .   (gloves unavailable)
Will    .....      NoTele   +   (boots unavailable)
Stlth   +.........              (no amulet)
HPRegen 0.23/turn               l - +2 ring of evasion
MPRegen 0.11/turn               m - +2 ring of evasion

@: lethally poisoned (-8 -> -14), on berserk cooldown, slowed, very slow
A: large, unfitting armour, tough skin 1
a: Renounce Religion, Berserk, Trog's Hand, Brothers in Arms


You were in the Dungeon.
You worshipped Trog.
Trog was extremely pleased with you.
You visited 1 branch

Inventory:

Hand Weapons
 a - a +0 mace
 k - a +2 dire flail of protection (weapon)
Armour
 b - a +0 animal skin (worn)
Jewellery
 l - a +2 ring of evasion (left hand)
 m - a +2 ring of evasion (right hand)
Wands
 j - a wand of iceblast (10)
Scrolls
 h - 2 scrolls of blinking
Potions
 c - 5 potions of curing
 d - 3 potions of heal wounds
 e - a potion of haste
 f - 4 potions of magic
 g - a potion of berserk rage
 i - a potion of invisibility


   Skills:
 - Level 4.0 Fighting
 + Level 15.5 Maces & Flails
 - Level 2.6 Dodging


You had 7 spell levels left.
You didn't know any spells.
Your spell library was empty.

Dungeon Overview and Level Annotations

Branches:
Dungeon (1/1)

Altars:
Cheibriados
Dithmenos
Elyvilon
Fedhas
Gozag
Hepliaklqana
Kikubaaqudgha
Makhleb
Nemelex Xobeh
Okawaru
Qazlal
Ru
Sif Muna
Trog
Uskayaw
Vehumet
Wu Jian
Xom
Yredelemnul
Zin
The Shining One
Jiyva
Lugonu


Innate Abilities, Weirdness & Mutations

You are too large for most types of armour.
You have tough skin. (AC +1)


Message History

You barely miss the hornet. The hornet misses you.
You puncture the hornet!
The hornet is heavily wounded.
The hornet misses you. The hornet closely misses you.
You hit the hornet.
The hornet is heavily wounded.
The hornet stings you but does no damage.
You barely miss the hornet.
The hornet is heavily wounded.
The hornet stings you.
You feel as though you will be slow longer.
You sock the hornet!
The hornet is almost dead.
The hornet stings you but does no damage.
The hornet barely misses you.
You miss the hornet.
The hornet is almost dead.
The hornet barely misses you.
You barely miss the hornet.
The hornet is almost dead.
The hornet stings you.
You are poisoned.
You feel as though you will be slow longer.
The hornet stings you!
* * * LOW HITPOINT WARNING * * *
You feel as though you will be slow longer.
You closely miss the hornet.
The hornet is almost dead.
You feel very sick. The hornet barely misses you.
You barely miss the hornet.
The hornet is almost dead.
You feel sick. The hornet completely misses you.
You closely miss the hornet.
The hornet is almost dead.
You feel sick. The hornet stings you!
* * * LOW HITPOINT WARNING * * *
You feel as though you will be slow longer.
The hornet stings you!
You die... ▓▓▓▓▓▓▓▓▓▓▓▓▓▓▓▓▓▓▓▓▓▓▓ _____'.?).[[[..'@y....+ ▓▓▓▓▓▓▓▓▓▓▓▓▓▓▓▓▓▓▓▓▓▓▓

You could see a hornet.

Vanquished Creatures
  A gargoyle (D)
  A troll (D)
  An orc warrior (D)
  2 scorpions (D)
  A killer bee (D)
  A howler monkey (D)
  A hound (D)
  An orc wizard (D)
  An orc (D)
  2 giant cockroaches (D)
  A jackal (D)
  A kobold (D)
  A rat (D)
15 creatures vanquished.

Notes
Turn   | Place    | Note
-------+----------+-------------------------------------------
     0 | D        | Hubris850 the Ogre Berserker began the quest for the Orb.
     0 | D        | Reached XP level 1. HP: 24/24 MP: 1/1
     9 | D        | Reached skill level 3 in Maces & Flails
    10 | D        | Reached ** piety under Trog
    11 | D        | Reached skill level 4 in Maces & Flails
   110 | D        | Noticed a howler monkey
   110 | D        | Noticed a scorpion
   110 | D        | Noticed a hound
   110 | D        | Noticed a scorpion
   114 | D        | Killed a howler monkey
   115 | D        | Reached skill level 6 in Maces & Flails
   115 | D        | Reached XP level 2. HP: 32/32 MP: 2/2
   115 | D        | Reached XP level 3. HP: 39/39 MP: 3/3
   117 | D        | Killed a scorpion
   117 | D        | Reached *** piety under Trog
   118 | D        | Reached skill level 8 in Maces & Flails
   118 | D        | Reached XP level 4. HP: 48/48 MP: 4/4
   120 | D        | Reached skill level 9 in Maces & Flails
   120 | D        | Reached XP level 5. HP: 54/54 MP: 5/5
   129 | D        | Reached skill level 10 in Maces & Flails
   206 | D        | Found a snail-covered altar of Cheibriados.
   206 | D        | Found a shadowy altar of Dithmenos.
   206 | D        | Found a white marble altar of Elyvilon.
   206 | D        | Found a blossoming altar of Fedhas.
   206 | D        | Found an opulent altar of Gozag.
   207 | D        | Found a hazy altar of Hepliaklqana.
   208 | D        | Found a viscous altar of Jiyva.
   209 | D        | Found an ancient bone altar of Kikubaaqudgha.
   210 | D        | Found a corrupted altar of Lugonu.
   211 | D        | Found a burning altar of Makhleb.
   212 | D        | Found a sparkling altar of Nemelex Xobeh.
   213 | D        | Found an iron altar of Okawaru.
   214 | D        | Found a stormy altar of Qazlal.
   215 | D        | Found a sacrificial altar of Ru.
   216 | D        | Found a shimmering blue altar of Sif Muna.
   217 | D        | Found a bloodstained altar of Trog.
   218 | D        | Found a hide-covered altar of Uskayaw.
   219 | D        | Found a radiant altar of Vehumet.
   220 | D        | Found an ornate altar of the Wu Jian Council.
   221 | D        | Found a shimmering altar of Xom.
   222 | D        | Found a basalt altar of Yredelemnul.
   223 | D        | Found a glowing silver altar of Zin.
   224 | D        | Found a glowing golden altar of the Shining One.
   252 | D        | Noticed an orc warrior
   252 | D        | Noticed a gargoyle
   252 | D        | Noticed a troll
   252 | D        | Noticed a hornet
   255 | D        | Killed an orc warrior
   255 | D        | Reached **** piety under Trog
   256 | D        | Reached skill level 11 in Maces & Flails
   256 | D        | Reached XP level 6. HP: 50/62 MP: 6/6
   258 | D        | Reached skill level 12 in Maces & Flails
   261 | D        | Killed a gargoyle
   262 | D        | Reached skill level 14 in Maces & Flails
   262 | D        | Reached XP level 7. HP: 52/70 MP: 7/7
   272 | D        | Killed a troll
   272 | D        | Reached ***** piety under Trog
   273 | D        | Reached skill level 15 in Maces & Flails
   273 | D        | Reached XP level 8. HP: 50/78 MP: 8/8
   283 | D        | Mangled by a hornet

Illustrated notes

Levels and vault maps discovered:
D:        linesprint [early_d, line_temple, items_1, d_10, items_2, lair_1,
          lair_end, items_3, orc_1, orc_end, items_4, d_15, swamp_1, shoals_1,
          snake_1, spider_1, d_20, vaults_1, items_5, swamp_end, shoals_end,
          snake_end, spider_end, vaults_end, d_27, items_6, zot_1, zot_end,
          crypt_end, forest_end, elf_end, slime_end, tomb_end, abyss_end,
          pan_hell_end]

Skill      XL: |  1  2  3  4  5  6  7 |
---------------+----------------------+-----
Maces & Flails | 6 8 9 11 14 15 | 15.5
Fighting       | |  4.0
Dodging        | |  2.6

Action                   |  1- 3 |  4- 6 |  7- 9 || total
-------------------------+-------+-------+-------++-------
Melee: Mace              |    17 |    10 |       ||    27
       Dire flail        |       |     6 |    22 ||    28
Invok: Berserk           |     1 |     1 |       ||     2
Armor: Animal skin       |     2 |     1 |     4 ||     7
Dodge: Dodged            |     6 |     5 |    11 ||    22

Table legend: (Time is in decaauts)
 A = Elapsed time spent in this place.
 B = Non-inter-level travel time spent in this place.
 C = Inter-level travel time spent in this place.
 D = Time resting spent in this place.
 E = Time spent auto-exploring this place.
 F = Levels seen in this place.
 G = Mean time per level.
                   A        B        C        D        E       F      G
               +--------+--------+--------+--------+--------+-----+--------+
         Total |    278 |    278 |      0 |    164 |      0 |   1 |  278.0 |
       Dungeon |    278 |    278 |      0 |    164 |      0 |   1 |  278.0 |
               +--------+--------+--------+--------+--------+-----+--------+

Top non-repeatable levels by time:
       D: 278 daAuts
